 Dungeon Crawl Stone Soup version 0.17-a0-1-g1f4be75 (webtiles) character file.

5636 vatarom the Martial Artist (level 10, -10/94 HPs)
             Began as a Naga Transmuter on Mar 11, 2015.
             Was a Priest of Cheibriados.
             Killed from afar by an electric eel (12 damage)
             ... with a bolt of electricity
             ... on level 9 of the Dungeon.
             The game lasted 00:26:29 (10932 turns).

vatarom the Martial Artist (Naga Transmuter)       Turns: 10932, Time: 00:26:29

Health: -10/94     AC: 12    Str: 24    XL:     10   Next: 74%
Magic:  17/22      EV: 14    Int: 23    God:    Cheibriados [***...]
Gold:   219        SH:  0    Dex: 21    Spells: 4 memorised, 5 levels left

rFire  . . .     SeeInvis +       - Unarmed
rCold  . . .     Clarity  .     w - +2 robe "Boqavuq" {+Blink Str-2 Stlth+}
rNeg   . . .     SustAb   .     (no shield)
rPois  +         Gourm    .     (no helmet)
rElec  .         Spirit   .     a - +1 cloak
rCorr  .         Warding  .     k - +0 pair of gloves (curse)
rMut   +         Stasis   .     (no barding)
MR     +....                    t - amulet of resist mutation
Stlth  +++.......               (no ring)
                                i - +3 ring of protection

@: mighty, very slightly contaminated, very slow, somewhat resistant to hostile
enchantments, fairly stealthy
A: spit poison, see invisible, deformed body, poison resistance, slowness 2, AC
+3
a: Spit Poison, Bend Time, Temporal Distortion, Renounce Religion, Evoke Blink


You were on level 9 of the Dungeon.
You worshipped Cheibriados.
Cheibriados was most pleased with you.
You were not hungry.

You visited 2 branches of the dungeon, and saw 10 of its levels.

You collected 219 gold pieces.

Inventory:

Missiles
 b - 187 arrows
 o - 19 arrows of flame
Armour
 a - a +1 cloak (worn)
 k - a cursed +0 pair of gloves (worn)
 w - the +2 robe "Boqavuq" (worn) {+Blink Str-2 Stlth+}
   (You found it on level 7 of the Dungeon)

   It affects your strength (-2).
   It lets you blink.
   It makes you more stealthy.
Rods
 e - a -2 rod of inaccuracy (12/12)
   (You took it off an orc on level 6 of the Dungeon)
Jewellery
 i - a +3 ring of protection (left hand)
 t - an amulet of resist mutation (around neck)
 A - a cursed amulet of inaccuracy
Magical devices
 c - a wand of polymorph (7)
 m - a wand of lightning (1)
 q - a wand of digging (12)
 y - a wand of lightning (0)
 B - a wand of magic darts (12)
Scrolls
 f - a scroll of amnesia
 r - a scroll of remove curse
 s - a scroll of enchant weapon
Potions
 p - a potion of lignification
 z - a potion of haste
Books
 d - a book of Changes

   Spells                             Type                      Level
   a - Beastly Appendage              Transmutation                1
   b - Sticks to Snakes               Transmutation                2
   c - Spider Form                    Transmutation/Poison         3
   d - Ice Form                       Ice/Transmutation            4
   e - Blade Hands                    Transmutation                5
Comestibles
 h - 2 beef jerkies
 j - 3 slices of pizza
 u - 3 fruits


   Skills:
 + Level 7.3 Fighting
 + Level 5.3 Dodging
 - Level 8.0 Unarmed Combat
 - Level 5.4 Spellcasting
 - Level 7.9 Transmutations
 - Level 3.1 Ice Magic


You had 5 spell levels left.
You knew the following spells:

 Your Spells              Type           Power        Failure   Level  Hunger
b - Sticks to Snakes      Trmt           #####.....   1%          2    None
c - Spider Form           Trmt/Pois      ###.......   8%          3    ##.....
d - Ice Form              Ice/Trmt       ####....     12%         4    ####...
e - Blade Hands           Trmt           #####.....   12%         5    #####..


Dungeon Overview and Level Annotations

Branches:
Dungeon (9/15)             Temple (1/1) D:5
   Lair: D:8-11         Orc: D:9-12

Altars:
Ashenzari
Cheibriados
Dithmenos
Elyvilon
Fedhas
Gozag
Kikubaaqudgha
Makhleb
Nemelex Xobeh
Okawaru
Qazlal
Ru
Sif Muna
Trog
Vehumet
Xom
Zin
The Shining One

Shops:
D:3 *   D:4 :   D:6 !   D:7 [

Annotations:
D:5 exclusion: statue


Innate Abilities, Weirdness & Mutations

You cannot wear boots.
You can spit poison.
Your serpentine skin is tough (AC +3).
You have supernaturally acute eyesight.
Armour fits poorly on your strangely shaped body.
Your system is resistant to poisons.
You cover ground very slowly.


Message History

The bolt of electricity hits you! x2
* * * LOW HITPOINT WARNING * * *
The bolt of electricity hits the electric eel.
The electric eel resists.
Drink which item? (? for menu, Esc to quit)
You feel very mighty all of a sudden.
The electric eel shoots out a bolt of lightning at you!
The bolt of electricity hits you!
* * * LOW HITPOINT WARNING * * *
The bolt of electricity hits you!
* * * LOW HITPOINT WARNING * * *
Unknown command.
Read which item? (? for menu, Esc to quit)
As you read the scroll of fog, it crumbles to dust.
The scroll dissolves into smoke.
The electric eel shoots out a bolt of lightning at you!
The bolt of electricity hits you!
* * * LOW HITPOINT WARNING * * *
The bolt of electricity hits you!
You die...

..######...........≈.≈..≈≈
.≈≈≈≈ ..#
#.....[...≈≈≈≈≈≈≈≈ ≈≈≈≈
..# #####.###.≈≈♣♣♣≈≈≈ ≈
### #...##.≈♣ ≈.≈ .##
###.##≈≈♣♣♣≈. ..##
#...≈≈;≈≈≈≈≈ #..#
##.§.≈≈...≈. ##.#
##§§§≈≈≈≈.≈ ##'##
########@;§♣♣♣≈.≈ <...#
#......§§§§§♣ ....#
+.......§§§≈♣♣♣≈≈≈ ....+
#......./.≈≈≈≈≈≈.≈≈ ....#
#.......)..≈≈....≈ ....#
#..........≈≈≈≈≈.≈ #+###
#..........≈♣..≈≈≈
#######..#.≈...≈≈
..##.≈♣♣.≈


You could see 2 electric eels.

Vanquished Creatures
  A wyvern (D:8)
  A hungry ghost (D:8)
  2 orc warriors
  A sky beast (D:6)
  6 ogres
  A black bear (D:4)
  3 centaurs
  A big kobold (D:8)
  5 giant frogs
  9 killer bees (D:8)
  14 wights
  3 goliath beetles (D:6)
  6 crimson imps
  31 jellies
  2 electric eels (D:9)
  2 hounds
  4 orc priests
  6 orc wizards
  A gnoll shaman (D:5)
  5 iguanas
  5 worker ants
  A hound skeleton (D:4)
  10 gnolls (D:5)
  8 adders
  3 shadow imps
  2 giant mites
  4 worms
  2 adder skeletons
  An ooze (D:1)
  30 orcs
  2 ball pythons (D:2)
  15 bats
  2 bat zombies
  4 giant cockroaches
  24 goblins
  22 hobgoblins
  9 jackals
  5 quokkas
  4 giant geckos
  8 giant newts
  A gnoll zombie (D:5)
  24 kobolds
  12 rats
  2 butterflies (D:5)
304 creatures vanquished.

Notes
Turn   | Place    | Note
--------------------------------------------------------------
     0 | D:1      | vatarom, the Naga Transmuter, began the quest for the Orb.
     0 | D:1      | Reached XP level 1. HP: 18/18 MP: 3/3
   223 | D:1      | Reached XP level 2. HP: 26/26 MP: 4/4
   469 | D:1      | Learned a level 2 spell: Sticks to Snakes
   554 | D:1      | Reached XP level 3. HP: 17/33 MP: 4/6
   576 | D:1      | Learned a level 3 spell: Spider Form
  1032 | D:2      | Found a shimmering altar of Xom.
  1320 | D:2      | Reached XP level 4. HP: 24/43 MP: 5/7
  1619 | D:2      | Found an iron altar of Okawaru.
  2015 | D:3      | Found Gozag's Platinum Reserve.
  2359 | D:3      | Reached XP level 5. HP: 37/49 MP: 7/9
  2654 | D:3      | Found an opulent altar of Gozag.
  2864 | D:4      | Noticed an ogre
  2877 | D:4      | Killed an ogre
  2877 | D:4      | Reached XP level 6. HP: 50/56 MP: 7/10
  2912 | D:4      | Noticed a black bear
  2923 | D:4      | Killed a black bear
  2923 | D:4      | Reached skill level 4 in Transmutations
  3406 | D:4      | Found a deep blue altar of Sif Muna.
  3488 | D:4      | Found Soev's Book Boutique.
  3834 | D:4      | Reached XP level 7. HP: 58/62 MP: 8/12
  3973 | D:4      | Reached skill level 5 in Transmutations
  4244 | D:5      | Entered Level 5 of the Dungeon
  4490 | D:5      | Found an iron altar of Okawaru.
  4518 | D:5      | Found a staircase to the Ecumenical Temple.
  4527 | Temple   | Entered the Ecumenical Temple
  4918 | D:5      | Reached XP level 8. HP: 70/70 MP: 6/13
  5076 | D:5      | Found a blossoming altar of Fedhas.
  5169 | D:5      | Reached skill level 6 in Transmutations
  5276 | D:5      | Found a radiant altar of Vehumet.
  5320 | D:5      | Learned a level 4 spell: Ice Form
  5771 | D:5      | Found a burning altar of Makhleb.
  5904 | D:6      | Reached skill level 5 in Unarmed Combat
  5904 | D:6      | Reached skill level 1 in Ice Magic
  6114 | D:6      | Found a snail-covered altar of Cheibriados.
  6123 | D:6      | Became a worshipper of Cheibriados the Contemplative
  6596 | D:6      | Found Saetoas' Distillery.
  6647 | D:6      | You fall through a shaft for 2 floors!
  6692 | D:8      | Reached XP level 9. HP: 57/76 MP: 16/18
  6693 | D:8      | Acquired Cheibriados' first power
  6855 | D:7      | Reached skill level 7 in Unarmed Combat
  6879 | D:7      | Found a white marble altar of Elyvilon.
  6927 | D:7      | Got a faintly humming robe
  6929 | D:7      | Identified the +2 robe "Boqavuq" {+Blink Str-2 Stlth+} (You found it on level 7 of the Dungeon)
  7011 | D:7      | Found Ymaawk's Armour Shoppe.
  7071 | D:7      | Found a shattered altar of Ashenzari.
  7654 | D:7      | Learned a level 5 spell: Blade Hands
  7884 | D:6      | Reached skill level 5 in Spellcasting
  7939 | D:6      | Got a faintly humming robe
  7941 | D:6      | Identified the cursed -2 robe of the Marlin {rF- rN+ Dex+2} (You found it on level 6 of the Dungeon)
  8016 | D:6      | Reached skill level 8 in Unarmed Combat
  8593 | D:8      | Reached skill level 5 in Fighting
  8593 | D:8      | Reached XP level 10. HP: 55/88 MP: 22/22
  8627 | D:8      | Acquired Cheibriados' second power
  9371 | D:8      | HP: 5/110 [acid (16)]
 10242 | D:8      | Reached skill level 5 in Dodging
 10251 | D:8      | Acquired Cheibriados' third power
 10501 | D:9      | Found an ancient bone altar of Kikubaaqudgha.
 10932 | D:9      | HP: 2/94 [electric eel/bolt of electricity (7)]
 10932 | D:9      | Killed from afar by an electric eel

Action                   |  1- 3 |  4- 6 |  7- 9 | 10-12 || total
-------------------------+-------+-------+-------+-------++-------
Melee: Unarmed           |    94 |   190 |   510 |   172 ||   966
 Cast: Beastly Appendage |     8 |     7 |     2 |     1 ||    18
       Sticks to Snakes  |     1 |       |       |       ||     1
       Spider Form       |       |     8 |    26 |     1 ||    35
       Ice Form          |       |       |    10 |     5 ||    15
       Blade Hands       |       |       |     4 |    16 ||    20
Invok: Bend Time         |       |       |     1 |       ||     1
       Temporal Distorti |       |       |       |     5 ||     5
       Slouch            |       |       |       |     1 ||     1
 Abil: Spit Poison       |    24 |    28 |    29 |     4 ||    85
       End Transformatio |       |       |       |     1 ||     1
Evoke: Wand              |       |       |       |     6 ||     6
  Use: Potion            |     3 |     4 |     8 |     2 ||    17
       Scroll            |     6 |     2 |     8 |     2 ||    18
 Stab: Sleeping          |       |       |     3 |     1 ||     4
       Distracted        |       |       |       |     1 ||     1
  Eat: Bread ration      |     1 |       |     3 |     2 ||     6
       Meat ration       |       |     3 |     1 |     1 ||     5
       Chunk             |       |       |     2 |     1 ||     3
